[Event "Live Chess"]
[Site "Chess.com"]
[Date "2023.05.21"]
[Round "-"]
[White "jimwad"]
[Black "seabuck"]
[Result "0-1"]
[WhiteElo "1217"]
[BlackElo "1909"]
[TimeControl "300"]
[EndTime "8:36:18 PDT"]
[Termination "seabuck won by resignation"]

1. d4 e6 2. c4 d5 3. Nc3 c5 4. dxc5 d4 5. Ne4 f5 6. Nd6+ Bxd6 7. cxd6 Qxd6 8. e3 Nc6 9. exd4 Qxd4 10. Qxd4 Nxd4 11.
Bd3 Nf6 12. Be3 e5 13. Ne2 Nxe2 14. Kxe2 O-O 15. b3 Be6 16. Rad1 b6 17. c5 f4 18. Bc1 bxc5 19. Ba3 Rac8 20. Ba6 Rc7 21. Rd6 Bc8 22. Bc4+ Kh8 23. Bb2 Rd7 24. Rhd1 Rxd6 25. Rxd6 h6 26. Bxe5 Re8 27. Bd3 Rxe5+ 28. Kf3 Re8 29.
Kxf4 g5+ 30. Kf3 Bb7+ 31. Kg3 Kg7 32. h4 Be4 33. Bb5 Re7 34. hxg5 hxg5 35. f3 Bf5 36. Kf2 g4 37. fxg4 Ne4+ 0-1

[Event "Live Chess"]
[Site "Chess.com"]
[Date "2023.05.21"]
[Round "-"]
[White "Biranidun"]
[Black "raminguy"]
[Result "1-0"]
[WhiteElo "2521"]
[BlackElo "1936"]
[TimeControl "300"]
[EndTime "8:36:19 PDT"]
[Termination "Biranidun won by resignation"]

1. e4 e5 2. Nf3 Nc6 3. Bc4 Bc5 4. O-O Nf6 5. d3 O-O 6. c3 d5 7.
exd5 Nxd5 8. Re1 Be6 9. Nxe5 Nxe5 10. Rxe5 Bxf2+ 11. Kh1 Bb6 12. Qf3 c6 13. Nd2 Bc7 14. Re4 Nf6 15. Re1 Qd6 16. Nf1 Bg4 17. Qf2 Bb6 18. d4 Rae8 19. Bf4 Qd7 20. Nd2 Bh5 21. h3 Bg6 22. Be5 Bc7 23. Bxf6 gxf6 24. Qxf6 a5 25. a4 b5 26. axb5 cxb5 27. Ba2 Bd8 28. Qf3 Qd6 29. Ne4 Bxe4 30. Rxe4 Rxe4 31. Qxe4 Bc7 32. g3 Qxg3 33. Rg1 1-0

[Event "Live Chess"]
[Site "Chess.com"]
[Date "2023.05.21"]
[Round "-"]
[White "hturner40"]
[Black "Hacker_2009"]
[Result "0-1"]
[WhiteElo "1781"]
[BlackElo "1954"]
[TimeControl "300"]
[EndTime "8:36:20 PDT"]
[Termination "Hacker_2009 won on time"]

1. Nf3 Nf6 2. g3 d5 3. Bg2 e6 4. O-O c5 5. d4 Nc6 6. c4 cxd4 7. Qa4 Bd7 8. cxd5 Nxd5 9. Nxd4 Nxd4 10. Qxd4 Bc6 11.
Rd1 Qb6 12. Qxb6 axb6 13. Nc3 Nxc3 14. bxc3 Bxg2 15. Kxg2 Be7 16. Bf4 O-O 17. a4 Bf6 18.
Ra3 Rac8 19. Rb3 Rxc3 20. Rxb6 Rc4 21. Rxb7 Rxa4 22. Rdb1 h6 23. Rb8 Rxb8 24. Rxb8+ Kh7 25. Rf8 Kg6 26. h4 Ra5 27. g4 Bxh4 28. Kf3 Bf6 29. Rh8 Ra3+ 30. e3 Ra4 31. Bg3 Bg5 32. Ke2 Rxg4 33.
Kf3 Ra4 34. e4 f5 35. exf5+ exf5 36. Rf8 Ra3+ 37. Kg2 Ra6 38. f4 Bf6 39. Kh3 Ra1 0-1

[Event "Live Chess"]
[Site "Chess.com"]
[Date "2023.05.21"]
[Round "-"]
[White "OceanFloater"]
[Black "robotking06"]
[Result "1-0"]
[WhiteElo "1033"]
[BlackElo "351"]
[TimeControl "300"]
[EndTime "8:36:23 PDT"]
[Termination "OceanFloater won by resignation"]

1. e4 e5 2. Nf3 Nc6 3. Bb5 a6 4.
Bxc6 bxc6 5. Nxe5 f6 6. Nf3 d5 7.
d3 dxe4 8. dxe4 Qxd1+ 9. Kxd1 Bg4 10. Bf4 Bxf3+ 11. gxf3 Bd6 12. Bxd6 cxd6 13. Nc3 O-O-O 14. Ke2 d5 15. exd5 cxd5 16. Rhg1 d4 17. Ne4 Ne7 18.
Rxg7 Rhe8 19. Rxh7 Nf5 20. Rd1 a5 21. Rh5 Re5 22. Kf1 Ne3+ 23. fxe3 dxe3 24. Rxd8+ Kxd8 25. Rh8+ Ke7 26. Rh7+ Ke6 27. Ke2 f5 28. Rh6+ Kd5 29. Nc3+ Kd4 30. Rd6+ Kc5 31. Rd5+ Rxd5 32. Nxd5 Kxd5 33.
Kxe3 Ke5 34. h4 f4+ 35. Kf2 Kf5 36. c4 a4 37. c5 Ke5 38. h5 Kf6 39. c6 Kg5 40. c7 1-0

[Event "Live Chess"]
[Site "Chess.com"]
[Date "2023.05.21"]
[Round "-"]
[White "Ocelot32"]
[Black "AttackingSnowLeopard"]
[Result "0-1"]
[WhiteElo "1418"]
[BlackElo "2166"]
[TimeControl "300"]
[EndTime "8:36:31 PDT"]
[Termination "AttackingSnowLeopard won by resignation"]

1. e4 c6 2. Nf3 d5 3. Nc3 dxe4 4.
Nxe4 Nf6 5. Qe2 Nxe4 6. Qxe4 Nd7 7. d4 Nf6 8. Qe3 Bf5 9. Bd3 Bxd3 10. Qxd3 e6 11. Bg5 Be7 12. O-O O-O 13. c3 h6 14.
Bh4 Qd5 15. Rfe1 c5 16. Red1 cxd4 17. Qxd4 Qxd4 18. Rxd4 Bc5 19. Rd3 Nd5 20. Rad1 f5 21. c4 Nb4 22. Rd7 g5 23. Bxg5 hxg5 24. Rc7 Bb6 25.
Rxb7 Rad8 26. Rxd8 Rxd8 27. g3 Rd1+ 28. Kg2 Nd3 29. Nxg5 Bxf2 30. Nxe6 Rg1+ 31. Kf3 Bb6 32. Rg7+ Kh8 33. Rg6 Ne5+ 0-1

[Event "Live Chess"]
[Site "Chess.com"]
[Date "2023.05.21"]
[Round "-"]
[White "domrobson"]
[Black "Duke_of_Bebington"]
[Result "1-0"]
[WhiteElo "1808"]
[BlackElo "1554"]
[TimeControl "300"]
[EndTime "8:36:33 PDT"]
[Termination "domrobson won by resignation"]

1. d4 d5 2. c4 c6 3. Nf3 Nf6 4.
Nc3 dxc4 5. e3 b5 6. a4 Bd7 7. axb5 cxb5 8. Ne5 a6 9. b3 cxb3 10. Nxd7 Qxd7 11. Bxb5 Nc6 12. d5 Nxd5 13. Qxd5 Qxd5 14. Nxd5 e6 15. Bxc6+ 1-0

[Event "Live Chess"]
[Site "Chess.com"]
[Date "2023.05.21"]
[Round "-"]
[White "ramses-IIG"]
[Black "boilerboy1"]
[Result "0-1"]
[WhiteElo "854"]
[BlackElo "1054"]
[TimeControl "300"]
[EndTime "8:36:36 PDT"]
[Termination "boilerboy1 won by resignation"]

1. e4 e5 2. Nf3 d6 3. Bc4 Be7 4. d3 Nf6 5. O-O O-O 6. c3 c6 7.
Bg5 Nbd7 8. Na3 a6 9. Bb3 Nb6 10.
Bc2 Bg4 11. h3 Bh5 12. Qe2 d5 13. Qe3 d4 14. cxd4 exd4 15. Nxd4 c5 16. Nf5 Bg6 17. Nxe7+ Qxe7 18. Bxf6 Qxf6 19. e5 Qc6 20. Bd1 Rad8 21. Bf3 Qc7 22. Nc4 Rxd3 23. Qc1 Nxc4 24. Qxc4 Qxe5 25. Bxb7 Qxb2 26. Qxa6 Rd2 27. Bf3 Bd3 28. Rfd1 Rxd1+ 29. Rxd1 Bxa6 0-1

[Event "Live Chess"]
[Site "Chess.com"]
[Date "2023.05.21"]
[Round "-"]
[White "GEMdzq"]
[Black "djw60"]
[Result "0-1"]
[WhiteElo "2217"]
[BlackElo "2192"]
[TimeControl "300"]
[EndTime "8:36:49 PDT"]
[Termination "djw60 won by resignation"]

1. e4 e6 2. d4 d5 3. Nc3 Nf6 4. Bg5 Bb4 5. e5 h6 6. exf6 hxg5 7. fxg7 Rg8 8. h4 gxh4 9. Qh5 Qf6 10. Qxh4 Qxg7 11. Nf3 Nc6 12. O-O-O Bd7 13. Nb5 Ba5 14. Qf4 Rc8 15. Bd3 a6 16. Nc3 Bxc3 17. bxc3 Qf8 18. Kb2 Qd6 19. Ne5 Nxe5 20. dxe5 Qb6+ 21. Kc1 Qc5 22. Rh7 Rf8 23. Kd2 Bb5 24. Rdh1 Bxd3 25.
cxd3 Qa3 26. Qf6 Qb2+ 27. Ke3 Qxc3 28. Rh8 Qc5+ 29. Kf3 Kd7 30. R1h7 Qe7 31. Qf4 Rxh8 32. Rxf7 Rcf8 0-1

[Event "Live Chess"]
[Site "Chess.com"]
[Date "2023.05.21"]
[Round "-"]
[White "SavagePawn7"]
[Black "HonestJoe1"]
[Result "0-1"]
[WhiteElo "775"]
[BlackElo "2091"]
[TimeControl "300"]
[EndTime "8:36:55 PDT"]
[Termination "HonestJoe1 won by checkmate"]

1. e4 c5 2. d4 cxd4 3. c3 Nf6 4. Nd2 dxc3 5. bxc3 Qa5 6. Nc4 Qxc3+ 7. Bd2 Qd4 8. f3 d5 9. Ne2 Qc5 10. Ne3 d4 11. Rc1 Qd6 12. Nf5 Qd8 13. Bb4 e5 14.
Bxf8 Kxf8 15. Qa4 Nc6 16. Rxc6 bxc6 17. Qxc6 Bxf5 18. exf5 Rc8 19. Qa4 d3 20. Ng3 d2+ 21. Kd1 Rc1+ 22. Ke2 d1=Q+ 23. Qxd1 Qxd1+ 24. Kf2 Qd2+ 25. Kg1 Qe3# 0-1

[Event "Live Chess"]
[Site "Chess.com"]
[Date "2023.05.21"]
[Round "-"]
[White "TheSmoulderingMaster"]
[Black "WelshTiger"]
[Result "0-1"]
[WhiteElo "1659"]
[BlackElo "2321"]
[TimeControl "300"]
[EndTime "8:36:56 PDT"]
[Termination "WelshTiger won by resignation"]

1. e4 c5 2. Nf3 d6 3. d4 cxd4 4.
Nxd4 Nf6 5. Nc3 Nc6 6. Be3 Ng4 7. Bg5 Qb6 8. Ncb5 a6 9. Be2 axb5 10. Bxg4 Qxd4 11.
Bxc8 Qxd1+ 12. Rxd1 Rxc8 0-1

[Event "Live Chess"]
[Site "Chess.com"]
[Date "2023.05.21"]
[Round "-"]
[White "TheAuditer"]
[Black "bedsdrout"]
[Result "0-1"]
[WhiteElo "1369"]
[BlackElo "1879"]
[TimeControl "300"]
[EndTime "8:37:17 PDT"]
[Termination "bedsdrout won by resignation"]

1. d4 d5 2. Nf3 Nc6 3. Bf4 Bf5 4.
e3 e6 5. c4 Nf6 6. Nc3 Bb4 7. a3 Bxc3+ 8. bxc3 O-O 9. cxd5 Nxd5 10. Qc1 Nxf4 11. exf4 Na5 12. Be2 Nb3 0-1

[Event "Live Chess"]
[Site "Chess.com"]
[Date "2023.05.21"]
[Round "-"]
[White "JanMur7"]
[Black "McSlash1"]
[Result "0-1"]
[WhiteElo "1951"]
[BlackElo "1972"]
[TimeControl "300"]
[EndTime "8:37:21 PDT"]
[Termination "McSlash1 won by resignation"]

1. e4 c5 2. Nf3 d6 3. c3 Nf6 4. Be2 g6 5. O-O Bg7 6. Re1 O-O 7. e5 dxe5 8. Nxe5 Nbd7 9. Nxd7 Bxd7 10. d4 cxd4 11. cxd4 Bc6 12. Bf3 Nd5 13. Nc3 e6 14. Nxd5 Bxd5 15. Bxd5 Qxd5 16. Be3 Rfd8 17. Qb3 Qxb3 18.
axb3 a6 19. Red1 e5 20. dxe5 Bxe5 21. Rab1 Bxb2 22. g3 Rxd1+ 23. Rxd1 b5 24. Bd4 Rd8 0-1

[Event "Live Chess"]
[Site "Chess.com"]
[Date "2023.05.21"]
[Round "-"]
[White "gmnorfolk"]
[Black "lHolyDiverl"]
[Result "1-0"]
[WhiteElo "2116"]
[BlackElo "555"]
[TimeControl "300"]
[EndTime "8:37:23 PDT"]
[Termination "gmnorfolk won by checkmate"]

1. d4 d5 2. c4 Nf6 3. cxd5 Nxd5 4. Nf3 Bf5 5. Ng1 Nb4 6. Nf3 Nc2+ 7. Kd2 Nxa1 8. Nc3 Nc2 9. e4 Nxd4 10. Ke3 Nbc6 11.
Nxd4 Bg6 12. Bb5 e6 13. Nxc6 bxc6 14. Bxc6+ Ke7 15. Bxa8 Qxa8 16. Qd4 f5 17. Rd1 Kf7 18. Qd7+ Kf6 19. e5+ Kxe5 20. Qd4# 1-0

[Event "Live Chess"]
[Site "Chess.com"]
[Date "2023.05.21"]
[Round "-"]
[White "Man-Del-Brot"]
[Black "Conradical12"]
[Result "0-1"]
[WhiteElo "1076"]
[BlackElo "1515"]
[TimeControl "300"]
[EndTime "8:37:24 PDT"]
[Termination "Conradical12 won by resignation"]

1. c4 e5 2. Nc3 Nc6 3. e3 f5 4. d4 exd4 5. exd4 d5 6. c5 Nf6 7. Bg5 Be7 8. Bd3 O-O 9. Nf3 Re8 10. O-O Be6 11. Re1 Qd7 12. Ne5 Nxe5 13. dxe5 Ne4 14. Bxe7 Nxc3 15. bxc3 Qxe7 16. f4 Qxc5+ 17. Kh1 Qxc3 18.
Bc2 d4 19. Qd3 Rad8 20. Qxc3 dxc3 21. Red1 Rd2 22. Bb3 Bxb3 23. axb3 Red8 24. Rxd2 Rxd2 25. h4 c2 26. Rxa7 c1=Q+ 27. Kh2 Qe1 0-1

[Event "Live Chess"]
[Site "Chess.com"]
[Date "2023.05.21"]
[Round "-"]
[White "Crowded_House"]
[Black "stevochess11"]
[Result "0-1"]
[WhiteElo "1609"]
[BlackElo "1670"]
[TimeControl "300"]
[EndTime "8:37:28 PDT"]
[Termination "stevochess11 won by checkmate"]

1. d4 Nf6 2. Bg5 Ne4 3. Bh4 g5 4. Bg3 h5 5. Nd2 d5 6. Nxe4 dxe4 7. h3 Bg7 8. c3 Nc6 9. e3 Be6 10. Bb5 Bd7 11. Qa4 O-O 12. Ne2 a6 13. Bxc6 Bxc6 14. Qc2 f5 15. O-O-O b5 16. Be5 Qd5 17. Bxg7 Kxg7 18.
Qb3 a5 19. Qxd5 Bxd5 20. a3 Rfb8 21. Ng3 Kg6 22. Rhf1 b4 23. axb4 axb4 24. Rd2 Ra1+ 25. Kc2 b3# 0-1

[Event "Live Chess"]
[Site "Chess.com"]
[Date "2023.05.21"]
[Round "-"]
[White "DoYouLikeCurry"]
[Black "Olisingapore"]
[Result "0-1"]
[WhiteElo "1448"]
[BlackElo "1821"]
[TimeControl "300"]
[EndTime "8:37:29 PDT"]
[Termination "Olisingapore won by resignation"]

1. e4 c5 2. Nc3 d6 3. f4 g6 4. Nf3 Bg7 5. Bb5+ Bd7 6. Bxd7+ Qxd7 7. d3 Nc6 8. O-O e6 9. Qe1 Nge7 10. Qh4 h6 11. f5 exf5 12. exf5 Nxf5 13. Qe4+ Nfe7 14. Nd5 O-O 15. Nxe7+ Nxe7 16. Qh4 Nf5 17. Qf4 Rfe8 18. c3 b5 19. Nh4 b4 20. Nxf5 Qxf5 21. Qxd6 Qh5 22.
Qf4 bxc3 23. Qxf7+ Kh7 24. b3 Rf8 25. Qe7 Rxf1+ 26.
Kxf1 Rf8+ 27. Ke1 Qxh2 28. Ba3 Qg1+ 0-1

[Event "Live Chess"]
[Site "Chess.com"]
[Date "2023.05.21"]
[Round "-"]
[White "Pablo_dmp"]
[Black "OleksiyJr1"]
[Result "0-1"]
[WhiteElo "1837"]
[BlackElo "1048"]
[TimeControl "300"]
[EndTime "8:37:31 PDT"]
[Termination "OleksiyJr1 won by checkmate"]

1. e4 c6 2. d4 d5 3. e5 e6 4. c4 Nd7 5. Nc3 Nb6 6. b3 f6 7. Nf3 Bb4 8. Bd2 Ne7 9. Bd3 O-O 10. h4 f5 11. Ng5 h6 12. Qh5 dxc4 13. bxc4 Qxd4 14.
Ne2 Qxa1+ 15. Nc1 Qxc1+ 16. Ke2 Qxd2+ 17. Kf3 Qxd3+ 18. Kf4 Bd2# 0-1

[Event "Live Chess"]
[Site "Chess.com"]
[Date "2023.05.21"]
[Round "-"]
[White "MarkLim1"]
[Black "PiotrD11"]
[Result "1-0"]
[WhiteElo "1711"]
[BlackElo "1373"]
[TimeControl "300"]
[EndTime "8:37:33 PDT"]
[Termination "MarkLim1 won by resignation"]

1. e4 e5 2. Bc4 Nf6 3. d3 d6 4. Nf3 Be7 5. O-O O-O 6. c3 a6 7. Bb3 Nbd7 8. Re1 Nc5 9. Bc2 b5 10. Nbd2 Bb7 11. Nf1 Qd7 12. Ng3 Ne6 13. d4 c6 14. dxe5 dxe5 15. Nxe5 Qxd1 16. Rxd1 Bc5 17.
Nd7 Rfd8 18. Nxf6+ gxf6 19. Bh6 Bb6 20. Nf5 Rxd1+ 21. Rxd1 Bc5 22. Kf1 Bf8 23. Bxf8 Nxf8 24. Bb3 Ng6 25. Nh6+ Kg7 26. Nxf7 c5 27. Nd6 Bc6 28. f3 c4 29. Bc2 Nf4 30. Nf5+ Kh8 31. Rd6 Bb7 32. Rxf6 Rd8 33. Ke1 Nxg2+ 34. Ke2 Nf4+ 35. Ke3 Nh5 36. Rd6 Re8 37. Rd7 Nf6 38. Rxb7 Nd5+ 39. Kf2 Nf4 40. Ne3 Rd8 41. Kg3 Ne2+ 42.
Kg4 Rg8+ 43. Kf5 Rf8+ 44. Ke6 Nf4+ 45. Ke7 Rg8 46. Nf5 Ng6+ 47. Kd6 Rd8+ 48. Rd7 Rb8 49. e5 Rb6+ 50. Kc7 Rc6+ 51. Kxc6 Nxe5+ 52. Kd6 Nxd7 53. Kxd7 h5 54. Kc6 Kg8 55. Kb6 Kf7 56. Kxa6 Kf6 57.
Kxb5 Ke5 58. Kxc4 1-0

[Event "Live Chess"]
[Site "Chess.com"]
[Date "2023.05.21"]
[Round "-"]
[White "slava_ukr"]
[Black "HoarseyHorsey"]
[Result "1-0"]
[WhiteElo "2347"]
[BlackElo "1465"]
[TimeControl "300"]
[EndTime "8:37:38 PDT"]
[Termination "slava_ukr won by resignation"]

1. e4 c5 2. Nc3 e6 3. f4 Nc6 4. Nf3 g6 5. Bc4 Bg7 6. f5 exf5 7. d3 a6 8. a4 Nge7 9. O-O O-O 10. Qe1 d6 11. Qh4 Nd4 12. Bg5 Re8 13. Nd5 Ne6 14.
Nxe7+ Rxe7 15. Bxe7 Qe8 16. Bf6 fxe4 17. dxe4 Bxf6 18.
Qxf6 Qf8 19. Ng5 Qg7 20. Qxg7+ Kxg7 21. Rxf7+ 1-0

[Event "Live Chess"]
[Site "Chess.com"]
[Date "2023.05.21"]
[Round "-"]
[White "ProfPoisson"]
[Black "Tiltador"]
[Result "0-1"]
[WhiteElo "1211"]
[BlackElo "935"]
[TimeControl "300"]
[EndTime "8:37:42 PDT"]
[Termination "Tiltador won by resignation"]

1. e4 e5 2. Nf3 d6 3. d4 f6 4.
dxe5 fxe5 5. Bg5 Be7 6. Qd2 h6 7. Bxe7 Qxe7 8. Nc3 Nf6 9. O-O-O O-O 10. Bc4+ Kh8 11.
Nh4 Qe8 12. f4 Be6 13. Bxe6 Qxe6 14. f5 Qf7 15. Ng6+ Kg8 16. Nd5 Rd8 17. Nde7+ Kh7 18. Qe3 Qxa2 19. Qh3 Qa1+ 20. Kd2 Qa5+ 21. c3 Nc6 22. Nxc6 bxc6 23. Rhe1 d5 24. Kc1 Qa1+ 25. Kc2 Qa4+ 26. Kb1 d4 27. g4 dxc3 28. Rxd8 Rxd8 29.
Qxc3 Rd1+ 30. Rxd1 Qxd1+ 31. Ka2 Qxg4 32. Qxe5 Nxe4 33.
Nf8+ Kh8 34. Ng6+ Kh7 35. Qxc7 Qxf5 36. Qxc6 Qxg6 37. Qxg6+ Kxg6 38. b4 Nc3+ 39. Ka3 Nb5+ 40. Ka4 Nc3+ 41. Ka5 Kf5 42. b5 Nxb5 43. Kxb5 g5 44.
Ka6 h5 45. Kxa7 h4 46. Kb6 g4 47. Kc5 g3 48. hxg3 hxg3 49. Kd4 g2 50. Ke3 g1=Q+ 0-1

[Event "Live Chess"]
[Site "Chess.com"]
[Date "2023.05.21"]
[Round "-"]
[White "DfNn"]
[Black "Dhaydon19"]
[Result "0-1"]
[WhiteElo "1560"]
[BlackElo "2689"]
[TimeControl "300"]
[EndTime "8:37:47 PDT"]
[Termination "Dhaydon19 won by resignation"]

1. e4 c6 2. f4 d5 3. exd5 cxd5 4. Nf3 Nc6 5. Bb5 Bg4 6. h3 Bxf3 7. Qxf3 e6 8. d4 Qa5+ 9. Nc3 Bb4 10. Bxc6+ bxc6 11. a3 Bd6 12. O-O Ne7 13. g4 O-O 14. f5 exf5 15.
gxf5 f6 16. Qg2 Qb6 17. Qg4 h5 18. Qxh5 Qxd4+ 19. Rf2 Bc5 20. Qf3 Qxf2+ 21. Qxf2 Bxf2+ 22. Kxf2 Nxf5 23. Kf3 Nd4+ 0-1

[Event "Live Chess"]
[Site "Chess.com"]
[Date "2023.05.21"]
[Round "-"]
[White "Missedidea"]
[Black "Doge_Dandolo"]
[Result "0-1"]
[WhiteElo "1768"]
[BlackElo "1856"]
[TimeControl "300"]
[EndTime "8:37:55 PDT"]
[Termination "Doge_Dandolo won by resignation"]

1. d4 d5 2. c4 c6 3. Nf3 Nf6 4.
Nc3 a6 5. cxd5 cxd5 6. e3 Bg4 7. Be2 e6 8. Ne5 Bxe2 9. Qxe2 Nbd7 10. f4 Be7 11. O-O O-O 12. Bd2 Rc8 13. g4 Bb4 14. g5 Bxc3 15. gxf6 Bxd2 16. fxg7 Re8 17. Qxd2 Qh4 18. Kh1 Nf6 19. Rg1 Ne4 20. Rg2 Nxd2 21. Rag1 f6 22. Rg4 Qh5 23. Nd7 Kf7 24. R1g3 Nf3 25. h3 Rc1+ 26. Kg2 Nh4+ 27. Kf2 Rc2+ 28. Ke1 f5 29. Kd1 fxg4 30. hxg4 Qh6 31. Kxc2 Qxg7 32. Ne5+ Ke7 33. Rh3 Ng6 34. Nf3 Rc8+ 35. Kb3 Ke8 36. Ng5 Nf8 37. Rh5 Qc7 38. a4 Qc4+ 0-1

[Event "Live Chess"]
[Site "Chess.com"]
[Date "2023.05.21"]
[Round "-"]
[White "Long1968"]
[Black "peter-785"]
[Result "1-0"]
[WhiteElo "981"]
[BlackElo "1169"]
[TimeControl "300"]
[EndTime "8:38:02 PDT"]
[Termination "Long1968 won by resignation"]

1. e4 c5 2. c3 d6 3. d4 cxd4 4. cxd4 e6 5. Nc3 Nf6 6. Bd3 Be7 7. Bg5 a6 8. Qd2 Nfd7 9. h4 Nc6 10. Nf3 f6 11.
Be3 b5 12. d5 Nb4 13. a3 Nxd3+ 14. Qxd3 Nc5 15. Bxc5 dxc5 16. Rd1 O-O 17. d6 c4 18. Qd4 Bxd6 19. Qxd6 Qa5 20. O-O Ra7 21. Qb4 Qc7 22. Rd2 Bb7 23. Rfd1 Raa8 24. Rd7 Qb6 25. Qe7 1-0

[Event "Live Chess"]
[Site "Chess.com"]
[Date "2023.05.21"]
[Round "-"]
[White "zdanevych"]
[Black "EdenHazard8"]
[Result "0-1"]
[WhiteElo "1461"]
[BlackElo "1925"]
[TimeControl "300"]
[EndTime "8:38:14 PDT"]
[Termination "EdenHazard8 won by resignation"]

1. d4 e5 2. dxe5 Nc6 3. Nf3 Qe7 4. Bf4 Qb4+ 5. Bd2 Qxb2 6. Nc3 Bb4 7. Rb1 Qa3 8. Rb3 Qa5 9. e3 Nge7 10. Bd3 h6 11. O-O O-O 12. Nd4 Nxe5 13. Ne4 Bxd2 14. Nxd2 Nxd3 15.
cxd3 d5 16. Rb1 c5 17. N4b3 Qc7 18. Qc1 b6 19. e4 Ba6 20. Qc3 d4 21. Qc2 Ng6 22.
Rfe1 Ne5 23. Nc4 Nxc4 24. dxc4 Rad8 25. Nd2 Bb7 26. Qd3 Qc6 27. h3 f5 28. Rb2 fxe4 29.
Nxe4 Qg6 30. Qg3 Bxe4 31. Rxe4 Qxe4 0-1

[Event "Live Chess"]
[Site "Chess.com"]
[Date "2023.05.21"]
[Round "-"]
[White "ossie57"]
[Black "grillage"]
[Result "0-1"]
[WhiteElo "1833"]
[BlackElo "1791"]
[TimeControl "300"]
[EndTime "8:38:16 PDT"]
[Termination "grillage won by checkmate"]

1. d4 Nf6 2. Nc3 e6 3. Bf4 d5 4.
e3 a6 5. a3 c5 6. Qf3 cxd4 7.
exd4 Bd6 8. Nh3 Nc6 9. O-O-O b5 10. g4 b4 11. axb4 Nxb4 12. g5 Bxf4+ 13. Nxf4 Nd7 14.
h4 Nb6 15. Bh3 Nc4 16. Rhe1 Qa5 17. Rxe6+ Bxe6 18. Nxe6 Qa1+ 19. Nb1 Na2# 0-1

[Event "Live Chess"]
[Site "Chess.com"]
[Date "2023.05.21"]
[Round "-"]
[White "youtookmyhorse"]
[Black "PaulyD81"]
[Result "1-0"]
[WhiteElo "784"]
[BlackElo "1105"]
[TimeControl "300"]
[EndTime "8:38:26 PDT"]
[Termination "youtookmyhorse won by checkmate"]

1. e4 d5 2. Nc3 dxe4 3. Nxe4 Qd5 4. d3 Qa5+ 5. Bd2 Qe5 6. c3 Nf6 7. Nf3 Qe6 8. Qe2 Nxe4 9. Qxe4 Qxe4+ 10. dxe4 Bg4 11. Be2 Bxf3 12. Bxf3 e6 13. O-O Nd7 14. Rad1 e5 15. Bg4 Nf6 16. Bf3 Bc5 17. Be3 Bxe3 18. fxe3 O-O 19. Be2 a6 20. Rf5 Rfe8 21. Bc4 b5 22. Bb3 c5 23. a3 c4 24. Ba2 Ng4 25.
Rf3 Nf6 26. h3 Nxe4 27. Bb1 Nf6 28. Bf5 Rad8 29. Rdf1 Re7 30. b4 e4 31. Rf4 Nd5 32.
Rxe4 Rxe4 33. Bxe4 Nxc3 34. Bc2 Nd5 35. Rf5 Nxe3 36.
Rf2 Nxc2 37. Rxc2 Rd3 38. Re2 Rxa3 39. Re8# 1-0

[Event "Live Chess"]
[Site "Chess.com"]
[Date "2023.05.21"]
[Round "-"]
[White "raminguy"]
[Black "hturner40"]
[Result "0-1"]
[WhiteElo "1925"]
[BlackElo "1792"]
[TimeControl "300"]
[EndTime "8:38:28 PDT"]
[Termination "hturner40 won by resignation"]

1. d4 Nf6 2. Nc3 d5 3. Bf4 a6 4. e3 c5 5. dxc5 Qa5 6. a3 Qxc5 7. Nf3 Nc6 8. Bd3 Bg4 9. h3 Bxf3 10. Qxf3 e5 11.
Bg5 e4 12. Qf4 Bd6 13. Qf5 Ne7 0-1

[Event "Live Chess"]
[Site "Chess.com"]
[Date "2023.05.21"]
[Round "-"]
[White "CeladonFish"]
[Black "WilliamofOrange16th"]
[Result "0-1"]
[WhiteElo "1136"]
[BlackElo "1851"]
[TimeControl "300"]
[EndTime "8:38:32 PDT"]
[Termination "WilliamofOrange16th won by resignation"]

1. d4 d6 2. c4 Nf6 3. Nc3 Nbd7 4.
Bf4 e5 5. dxe5 dxe5 6. Bg3 c6 7. Nf3 Qc7 8. Nd4 g6 9. Nf3 Bb4 10. Qb3 Ba5 11. e3 Ne4 12. Be2 f6 13. O-O Nxg3 14.
fxg3 Nc5 15. Qc2 O-O 16. h4 Bb6 17. b4 Bf5 18. Qd2 Ne4 19. Nxe4 Bxe4 20. c5 Rad8 21.
Qc3 Rd7 22. cxb6 axb6 23. Qb3+ Bd5 24. Bc4 b5 25. Bxd5+ Rxd5 26. Rfd1 Kg7 27. Rxd5 cxd5 28. Qxd5 Qc3 29. Qd7+ Rf7 30. Qd2 Qxa1+ 31. Kh2 0-1

[Event "Live Chess"]
[Site "Chess.com"]
[Date "2023.05.21"]
[Round "-"]
[White "Ian-Morley"]
[Black "MartinWalker4"]
[Result "0-1"]
[WhiteElo "1103"]
[BlackElo "2077"]
[TimeControl "300"]
[EndTime "8:38:34 PDT"]
[Termination "MartinWalker4 won by resignation"]

1. e4 e5 2. Nf3 Nc6 3. Bc4 Bc5 4. O-O Nf6 5. Re1 d6 6. c3 Bg4 7. d3 O-O 8. Nbd2 Ne7 9. Nf1 Ng6 10. Ng3 Qd7 11. b4 Bb6 12. a4 a6 13. a5 Ba7 14.
Nf5 Bxf5 15. exf5 Qxf5 16. d4 e4 17. Nd2 c5 18. dxc5 dxc5 19. bxc5 Bxc5 20. Nb3 Bxf2+ 21.
Kh1 Bxe1 22. Qxe1 Rac8 23. Be2 Qe5 24. Nd4 Nd5 25. Bb2 Ngf4 26. g3 Nxe2 27. Qxe2 Nxc3 28. Bxc3 Rxc3 29. Nc2 Rxc2 30. Qxc2 Qxa1+ 31. Kg2 Qxa5 32. Qxe4 b5 0-1

[Event "Live Chess"]
[Site "Chess.com"]
[Date "2023.05.21"]
[Round "-"]
[White "Bob2pen"]
[Black "RichardABates"]
[Result "0-1"]
[WhiteElo "1882"]
[BlackElo "2190"]
[TimeControl "300"]
[EndTime "8:38:41 PDT"]
[Termination "RichardABates won by resignation"]

1. c4 Nf6 2. g3 e6 3. Bg2 d5 4. Nf3 Be7 5. O-O O-O 6. b3 b6 7. Bb2 c5 8. d3 Bb7 9. Nbd2 d4 10. b4 a5 11. b5 Nbd7 12. Qc2 e5 13. e4 dxe3 14. fxe3 e4 15. Nxe4 Nxe4 16. dxe4 Nf6 17. Rad1 Qc8 18. e5 Ng4 19. Qc3 Qe6 20. h3 Nh6 21.
Kh2 Rad8 22. a4 Nf5 23. h4 Qg6 24. Ng5 Bxg2 25. Kxg2 Bxg5 26. hxg5 Qxg5 27. e4 Ne3+ 28. Kh2 Nxd1 0-1

[Event "Live Chess"]
[Site "Chess.com"]
[Date "2023.05.21"]
[Round "-"]
[White "LiamBellwood"]
[Black "whatnot126"]
[Result "0-1"]
[WhiteElo "1924"]
[BlackElo "2071"]
[TimeControl "300"]
[EndTime "8:38:46 PDT"]
[Termination "whatnot126 won by resignation"]

1. d4 d6 2. Nc3 Nf6 3. Bf4 g6 4. Qd2 c6 5. e4 Qa5 6. f3 b5 7. e5 dxe5 8. dxe5 Nfd7 9. Bd3 Bg7 10. e6 fxe6 11. Nh3 b4 12. Ne4 Nc5 13. Nxc5 Qxc5 14. Be3 Qa5 15. O-O Bxb2 16. Bh6 e5 17. Qg5 Bxa1 18. f4 Bd4+ 19. Kh1 Bxh3 20. gxh3 Qd5+ 0-1

[Event "Live Chess"]
[Site "Chess.com"]
[Date "2023.05.21"]
[Round "-"]
[White "luckywookie"]
[Black "Hussamalhaidar"]
[Result "1-0"]
[WhiteElo "823"]
[BlackElo "1154"]
[TimeControl "300"]
[EndTime "8:39:02 PDT"]
[Termination "luckywookie won on time"]

1. e4 Nc6 2. c3 e5 3. Nf3 Nf6 4.
d4 exd4 5. cxd4 Nxe4 6. d5 Ne7 7.
Nc3 Nxc3 8. bxc3 Ng6 9. Qe2+ Qe7 10. Qxe7+ Bxe7 11. Bd3 Bc5 12. Be3 Bxe3 13. fxe3 O-O 14. O-O-O Re8 15. Rhe1 a6 16. g3 b5 17. e4 Ne5 18. Nxe5 Rxe5 19. Rf1 d6 20. Rf2 h6 21. Rdf1 f6 22. Kd2 Bd7 23. Re1 a5 24. a3 c5 25.
Rb1 c4 26. Be2 Rxe4 27. a4 b4 28. cxb4 axb4 29. Rxb4 Rxa4 30. Rb8+ Kf7 31. Rb7 Ra2+ 32. Kc3 Raxe2 33. Rxe2 Rxe2 34. Rxd7+ Ke8 35. Rxg7 Rxh2 36. Kxc4 Rg2 37. Kb5 Rc2 38. Kb6 h5 39. Rh7 Rc3 40.
Rxh5 Rxg3 41. Kc6 Rg5 42. Rh7 f5 43. Kxd6 f4 44. Ke6 Kd8 45. d6 f3 46. Rh8+ 1-0

[Event "Live Chess"]
[Site "Chess.com"]
[Date "2023.05.21"]
[Round "-"]
[White "Cimon"]
[Black "LL220284LL"]
[Result "0-1"]
[WhiteElo "1834"]
[BlackElo "2237"]
[TimeControl "300"]
[EndTime "8:39:03 PDT"]
[Termination "LL220284LL won by resignation"]

1. Nf3 c6 2. d4 g6 3. c4 Bg7 4.
g3 d6 5. Bg2 Nf6 6. Nc3 O-O 7.
O-O Nbd7 8. e4 Qc7 9. h3 e5 10. Be3 Rd8 11. Rc1 Nf8 12. Qe2 b6 13. d5 c5 14. a3 h6 15. b4 N8h7 16. Nb5 Qe7 17.
bxc5 bxc5 18. Ne1 Nh5 19. Qd1 Rf8 20. Qa4 Bd7 21. Qa5 a6 22. Nc3 f5 23. Bd2 f4 24. g4 Ng5 25. gxh5 Nxh3+ 26. Bxh3 Bxh3 27. Nf3 gxh5 28. Kh2 Bg4 29. Ne1 Qh4+ 30. Kg1 f3 0-1